 Dungeon Crawl Stone Soup version 0.22-a0-825-ga28c36f (webtiles) character file.

325 BaronVonScrub the Ducker (level 6, 0/32 HPs)
             Began as a Spriggan Abyssal Knight on July 24, 2018.
             Was a Believer of Lugonu.
             Slain by an orc
             ... wielding a +0 hand axe
              (9 damage)
             ... on level 4 of the Dungeon.
             The game lasted 00:09:38 (4709 turns).

BaronVonScrub the Ducker (Spriggan Abyssal Knight)  Turns: 4709, Time: 00:09:39

Health: 0/32       AC:  4    Str: 11    XL:     6   Next: 24%
Magic:  8/8        EV: 21    Int: 13    God:    Lugonu [**....]
Gold:   108        SH:  0    Dex: 18    Spells: 5/5 levels left

rFire    . . .     SeeInvis +   k - +1 falchion (holy)
rCold    . . .     Gourm    .   (shield restricted)
rNeg     . . .     Faith    .   b - +0 robe
rPois    .         Spirit   .   j - +2 hat
rElec    .         Reflect  .   (no cloak)
rCorr    .         Harm     .   (gloves unavailable)
MR       ++...                  (boots unavailable)
Stlth    +++.......             (no amulet)
HPRegen  0.10/turn              h - ring of protection from magic
MPRegen  0.11/turn              q - +3 ring of strength

@: very quick
A: very small, unfitting armour, see invisible, herbivore, speed 3, slow
metabolism 2
a: Depart the Abyss, Bend Space, Renounce Religion


You were on level 4 of the Dungeon.
You worshipped Lugonu.
Lugonu was pleased with you.
You were near starving.

You visited 1 branch of the dungeon, and saw 4 of its levels.
You visited the Abyss 1 time.

You collected 108 gold pieces.

Inventory:

Hand Weapons
 a - a +1 short sword
 k - a +1 falchion of holy wrath (weapon)
 o - a +4 dagger
Armour
 b - a +0 robe (worn)
 j - a +2 hat (worn)
 s - a +2 pair of gloves
Jewellery
 f - an uncursed ring of resist corrosion
 g - an uncursed ring of poison resistance {unknown}
 h - a ring of protection from magic (left hand)
 i - a +2 ring of intelligence
 n - an uncursed ring of fire
 q - a +3 ring of strength (right hand)
Scrolls
 m - a scroll of identify
 p - 2 scrolls of remove curse {unknown}
 r - a scroll of blinking {unknown}
Potions
 d - a potion of flight
 e - 2 potions of degeneration
 l - a potion of brilliance
Comestibles
 c - 6 rations


   Skills:
 + Level 3.1 Fighting
 + Level 5.1 Short Blades
 + Level 5.3 Dodging
 + Level 3.6 Stealth
 + Level 2.2 Invocations


You had 5 spell levels left.
You didn't know any spells.
Your spell library was empty.

Dungeon Overview and Level Annotations

Branches:
Dungeon (4/15)             Temple (0/1) D:4

Altars:
Fedhas
Xom

Annotations:
D:4 Edmund, Pikel


Innate Abilities, Weirdness & Mutations

You are very small and have problems with some larger weapons.
You are too small for most types of armour.
You have supernaturally acute eyesight. (SInv)
You are a herbivore.
You cover ground extremely quickly.
You need to consume almost no food.


Message History

The orc is lightly wounded.
The orc completely misses you.
You riposte.
You barely miss the orc.
The orc is lightly wounded.
You hit the orc but do no damage.
The orc is lightly wounded.
The orc misses you.
You closely miss the orc.
The orc is lightly wounded.
The orc closely misses you.
You hit the orc but do no damage.
The orc is lightly wounded.
The orc completely misses you. The orc barely misses you.
You hit the orc.
The orc is moderately wounded.
The orc hits you with a hand axe.
* * * LOW HITPOINT WARNING * * *
You completely miss the orc.
The orc is moderately wounded.
The orc hits you with a hand axe!
You die...

#### # #.. . #.# #.
##.####### ..
#.######......... .<#
##......#..#########.#
#.#
..........@o.........#
#.#
.#.#...#.)###..####.#
#.# #.)))...# #..# #.#
#.# #.##.#...#
#..####.# #.# #.
#[#...###.......# #.#
#
#.#.............###.##
#.#..#####.....[...)..
#.#...# ######.###.##
..##..# #.# #.#.


You could see an orc.

Vanquished Creatures
  A scorpion (D:4)
  A crimson imp (D:4)
  A hound skeleton (D:4)
  Robin (D:4)
  8 gnolls
  3 adders (D:2)
  4 worms
  2 dart slugs
  5 leopard geckos
  2 orcs
  2 ball pythons
  9 bats
  4 giant cockroaches
  9 hobgoblins
  4 jackals
  3 quokkas
  5 frilled lizards
  20 goblins
  7 kobolds
  6 rats
97 creatures vanquished.

Vanquished Creatures (others)
  2 bushes (D:4)
2 creatures vanquished.

Grand Total: 99 creatures vanquished

Notes
Turn   | Place    | Note
-------+----------+-------------------------------------------
     0 | Abyss:1  | BaronVonScrub the Spriggan Abyssal Knight began the quest for the Orb.
     0 | Abyss:1  | Reached XP level 1. HP: 11/11 MP: 3/3
   118 | Abyss:1  | Noticed a ynoxinul
   119 | D:1      | Escaped the Abyss
   432 | D:1      | Reached * piety under Lugonu
   439 | D:1      | Reached XP level 2. HP: 16/16 MP: 4/4
  1025 | D:1      | Reached XP level 3. HP: 19/19 MP: 5/5
  1357 | D:2      | Reached skill level 1 in Stealth
  2013 | D:2      | Reached ** piety under Lugonu
  2121 | D:2      | Reached XP level 4. HP: 12/23 MP: 6/6
  3278 | D:3      | Reached XP level 5. HP: 6/28 MP: 7/7
  3658 | D:3      | Found a shimmering altar of Xom.
  3919 | D:4      | Noticed Edmund
  3936 | D:4      | Noticed Robin
  3941 | D:4      | Noticed a slave
  3946 | D:4      | Noticed a slave
  3947 | D:4      | Noticed a slave
  4213 | D:4      | Noticed a centaur
  4234 | D:4      | Found a blossoming altar of Fedhas.
  4252 | D:4      | Noticed Pikel
  4278 | D:4      | Reached skill level 5 in Dodging
  4284 | D:4      | Found a staircase to the Ecumenical Temple.
  4339 | D:4      | Noticed a slave
  4609 | D:4      | Reached skill level 5 in Short Blades
  4609 | D:4      | Reached XP level 6. HP: 31/32 MP: 8/8
  4639 | D:4      | Killed Robin
  4709 | D:4      | Slain by an orc

Vault maps used:
D:1:      dpeg_arrival_brainrot
D:3:      first_ration, minmay_misc_feat_room, kennysheep_nub, xom_teletrap_fun
D:4:      fedhas_bush_and_centaur_altar, minmay_temple_entry_statues_pillars,
          uniq_edmund, uniq_robin, uniq_pikel

Skill      XL: |  1  2  3  4  5 |
---------------+----------------+-----
Invocations    | 2 |  2.2
Dodging        | 4 5 |  5.3
Stealth        | 1 2 3 |  3.6
Short Blades   | 3 4 5 |  5.1
Fighting       | 3 |  3.1

Action                   |  1- 3 |  4- 6 || total
-------------------------+-------+-------++-------
Melee: Short sword       |   136 |       ||   136
       Dagger            |    18 |   204 ||   222
       Falchion          |       |    10 ||    10
Invok: Depart the Abyss  |     1 |       ||     1
       Bend Space        |       |     1 ||     1
  Use: Potion            |     5 |     1 ||     6
       Scroll            |     6 |     3 ||     9
 Stab: Sleeping          |     2 |     3 ||     5
       Invisible         |     1 |       ||     1
Armor: Robe              |    15 |    17 ||    32
Dodge: Dodged            |   109 |   210 ||   319
       Rpst.: Falchion   |       |     2 ||     2

Table legend:
 A = Spawn XP
 B = Non-spawn XP
 C = Spawn XP percentage of total XP
 D = Spawn monster count
 E = Non-spawn monster count
 F = Spawn count percentage of total count
 G = Total turns spent on level
                    A         B        C        D         E        F      G
               +---------+---------+-------+---------+---------+-------+---------
         Total |       0 |     465 |   0.0 |       0 |      97 |   0.0 |  4709
               +---------+---------+-------+---------+---------+-------+---------
           D:1 |       0 |      44 |   0.0 |       0 |      25 |   0.0 |  1031
           D:2 |       0 |     130 |   0.0 |       0 |      33 |   0.0 |  1908
           D:3 |       0 |      56 |   0.0 |       0 |      16 |   0.0 |   825
           D:4 |       0 |     235 |   0.0 |       0 |      23 |   0.0 |   826
               +---------+---------+-------+---------+---------+-------+---------
